 Dungeon Crawl Stone Soup version 0.28.0-43-g3370ac3207 (webtiles) character file.

Game seed: 1924724094474202821

75 Revguard the Digger (level 4, -2/32 HPs)
             Began as a Demonspawn Earth Elementalist on Mar 18, 2022.
             Slain by Grinder (5 damage)
             ... while paralysed by Grinder
             ... on level 3 of the Dungeon on Mar 23, 2022.
             The game lasted 00:09:17 (2754 turns).

Revguard the Digger (Demonspawn Earth Elementalist) Turns: 2754, Time: 00:09:18

Health: -2/32      AC:  3    Str:  9    XL:     4   Next: 11%
Magic:  2/7        EV:  2    Int: 18    God:
Gold:   79         SH:  0    Dex: 13    Spells: 1/7 levels left

rFire   + . .      SeeInvis .   e - +0 rapier
rCold   . . .      Faith    .   (no shield)
rNeg    . . .      Spirit   .   b - +0 robe
rPois   .          Reflect  .   h - +0 helmet
rElec   .          Harm     .   (no cloak)
rCorr   .          Rampage  .   (no gloves)
Will    .....                   (no boots)
Stlth   ++........              (no amulet)
HPRegen 0.10/turn               i - ring of protection from fire
MPRegen 0.10/turn               (no ring)

@: paralysed
A: hooves 1, demonic magic 1
a: no special abilities


You were on level 3 of the Dungeon.
You visited 1 branch of the dungeon, and saw 3 of its levels.

You collected 79 gold pieces.

Inventory:

Hand Weapons
 a - a +0 short sword
 e - a +0 rapier (weapon)
Missiles
 c - 4 stones
Armour
 b - a +0 robe (worn)
 h - a +0 helmet (worn)
Jewellery
 i - a ring of protection from fire (left hand)
 j - a +6 ring of strength
Wands
 g - a wand of mindburst (6)
Scrolls
 d - a scroll of teleportation
 f - a scroll of noise


   Skills:
 + Level 1.0 Fighting
 + Level 0.8 Short Blades
 + Level 2.1 Dodging
 * Level 2.4 Stealth
 * Level 2.3 Spellcasting
 + Level 0.4 Conjurations
 + Level 1.6 Transmutations
 + Level 2.9 Earth Magic


You had one spell level left.
You knew the following spells:

 Your Spells              Type           Power      Damage    Failure   Level
a - Sandblast             Erth           24%        2d8       5%          1
b - Passwall              Tmut/Erth      8%         N/A       11%         2
c - Stone Arrow           Conj/Erth      16%        3d8       26%         3

Your spell library contained the following spells:

 Spells                   Type           Power      Damage    Failure   Level
 Petrify                  Tmut/Erth      10%        N/A       56%         4


Dungeon Overview and Level Annotations

Branches:
Dungeon (3/15)

Altars:

Shops:
D:2 (

Annotations:
D:3 Grinder


Innate Abilities, Weirdness & Mutations

You have large cloven feet.
Spells you cast may paralyse adjacent enemies.


Message History

Aim: Grinder, carrying a wand of flame (16) (77% to hit)
The blast of sand hits Grinder but does no damage.
Malevolent energies surge around you. Grinder gestures at you.
Pain shoots through your body!
Aiming: Sandblast (safe; 5% risk of failure)
Press: ? - help, Q - select action, (/) - cycle Shift-Dir - straight line, f/p - Grinder
Aim: Grinder, carrying a wand of flame (16) (77% to hit)
The blast of sand hits Grinder!
Grinder is moderately wounded.
Malevolent energies surge around you. Grinder hits you.
* * * LOW HITPOINT WARNING * * *
You writhe in agony.
* * * LOW HITPOINT WARNING * * *
Aiming: Sandblast (safe; 5% risk of failure)
Press: ? - help, Q - select action, (/) - cycle Shift-Dir - straight line, f/p - Grinder
Aim: Grinder, carrying a wand of flame (16) (moderately wounded, 77% to hit)
The blast of sand misses Grinder.
Malevolent energies surge around you.
Grinder says, "FISH!"
Grinder misses you.
Aiming: Sandblast (safe; 5% risk of failure)
Press: ? - help, Q - select action, (/) - cycle Shift-Dir - straight line, f/p - Grinder
Aim: Grinder, carrying a wand of flame (16) (moderately wounded, 77% to hit)
The blast of sand hits Grinder.
Grinder is moderately wounded.
Malevolent energies surge around you.
Grinder suddenly stops moving!
The helpless Grinder fails to defend herself.
You puncture Grinder! You kick Grinder, but do no damage.
Grinder is heavily wounded.
The helpless Grinder fails to defend herself.
You puncture Grinder! You kick Grinder.
Grinder is severely wounded.
Grinder is no longer paralysed.
Grinder closely misses you.
You closely miss Grinder.
Grinder is severely wounded.
Grinder gestures at you.
You suddenly lose the ability to move!
Grinder hits you.
You die...

## .. .#
####.##.#
#
##.?5....#
..###..@.#
>.......##
.#.......#
#.#.....#
?. #.###)#
# ... #.#
#.# #.# #.
#.# # #.#


You could see Grinder.

Vanquished Creatures
  3 adders
  A worm (D:2)
  2 dart slugs
  3 endoplasms
  2 giant cockroaches
  6 goblins
  A hobgoblin (D:2)
  5 kobolds
  5 ball pythons
  5 bats
  6 frilled lizards
  4 rats
43 creatures vanquished.

Notes
Turn   | Place    | Note
-------+----------+-------------------------------------------
     0 | D:1      | Revguard the Demonspawn Earth Elementalist began the quest
                  | for the Orb.
     0 | D:1      | Reached XP level 1. HP: 13/13 MP: 3/3
   165 | D:1      | Reached skill level 1 in Transmutations
   600 | D:1      | Gained mutation: You have large cloven feet. [demonic
                  | ancestry]
   600 | D:1      | Reached XP level 2. HP: 14/19 MP: 1/5
   848 | D:1      | Learned a level 2 spell: Passwall
   870 | D:1      | Found a faded altar of an unknown god.
  1499 | D:2      | Gained mutation: Spells you cast may paralyse adjacent
                  | enemies. [demonic ancestry]
  1499 | D:2      | Reached XP level 3. HP: 25/25 MP: 2/6
  1582 | D:2      | Learned a level 3 spell: Stone Arrow
  2251 | D:2      | Found Xizikk's Weapon Boutique.
  2425 | D:3      | Reached skill level 1 in Fighting
  2425 | D:3      | Reached XP level 4. HP: 22/32 MP: 5/7
  2735 | D:3      | Noticed Grinder
  2753 | D:3      | Paralysed by Grinder for 6 turns
  2754 | D:3      | Slain by Grinder

Illustrated notes

Levels and vault maps discovered:
D:1:      ncdulo_watergridlock, layout_loops_ring, basic_ecumenical_altar,
          grunt_decor_fettered, serial_bayou_pond_e, st_stairs_13,
          eino_curves_03
D:2:      layout_basic, serial_shops, nicolae_shop_waterfront
D:3:      layout_basic, uniq_grinder, uniq_crazy_yiuf_cottage, uniq_jessica

Skill      XL: |  1  2  3 |
---------------+----------+-----
Transmutations | 1 |  1.6
Stealth        | 2 |  2.4
Dodging        | 2 |  2.1
Fighting       | 1 |  1.0
Short Blades   | |  0.8
Spellcasting   | |  2.3
Conjurations   | |  0.4
Earth Magic    | |  2.9

Action                   |  1- 3 |  4- 6 || total
-------------------------+-------+-------++-------
Melee: Short sword       |    23 |       ||    23
       Unarmed           |     1 |       ||     1
       Kick              |    10 |     2 ||    12
       Punch             |     1 |       ||     1
       Rapier            |     9 |     3 ||    12
 Cast: Sandblast         |    41 |     6 ||    47
  Use: Scroll            |     3 |       ||     3
 Stab: Sleeping          |     6 |       ||     6
       Paralysed         |     3 |     2 ||     5
Armor: Robe              |    11 |     1 ||    12
Dodge: Dodged            |    26 |     3 ||    29
